AoeStats
← 一杯冰美式

African Clearing

510701998Analyzed
4v4 RM · 1d ago on Oct 2, 2026· 45m 18s· 8 players
Game mode
Random Map
Map size
Large (8 player)
Population
200
Speed
Normal
Resources
Standard
Victory
Conquest
Starting age
Dark Age
Ending age
Imperial Age
RankedLock teamsTeams togetherTeam positionsShared explorationLock speedFull tech treeHidden civsTurbo modeCheats
Victory
Defeat
🇲🇽 Turks · Mexico
1245
+14
🇦🇺 Spanish · Australia
1233
+14
🇨🇳 Koreans · China
1202
+16
🇧🇷 Franks · Brazil
1199
+16
🇨🇳 Mongols · China
1216
-16
🇳🇵 Vietnamese · Nepal
1205
-15
🇭🇰 Hindustanis · Hong Kong SAR China
1187
-15
🇹🇼 Japanese · Taiwan
1180
-14
一杯冰美式
3:45 Loom
13:07 Feudal Age
13:39 Double-Bit Axe
15:36 Town Watch
22:40 Castle Age
21:02 Stone Mining
22:53 Gold Mining
25:10 Bow Saw
26:05 Fishing Lines
28:12 Gillnets
30:40 Wheelbarrow
31:42 Arson
31:57 Squires
32:29 Hand Cart
33:35 Forging
33:25 Scale Mail Armor
36:37 Imperial Age
34:58 Iron Casting
36:09 Horse Collar
38:41 Two-Man Saw
38:19 Conscription
38:45 Heavy Plow
39:53 Gold Shaft Mining
41:12 Chain Mail Armor
41:58 Blast Furnace
imkl
6:47 Loom
6:55 Loom
13:40 Feudal Age
14:47 Double-Bit Axe
16:55 Horse Collar
20:52 Wheelbarrow
23:47 Castle Age
22:00 Bloodlines
22:02 Forging
22:37 Scale Barding Armor
34:34 Heavy Plow
41:31 Fletching
我帅我坐中
13:35 Feudal Age
15:01 Loom
20:53 Castle Age
19:42 Stone Mining
19:33 Horse Collar
19:41 Double-Bit Axe
20:45 Bloodlines
21:06 Gold Mining
GemGem27
6:39 Loom
15:40 Feudal Age
21:15 Castle Age
19:34 Fletching
22:13 Bodkin Arrow
22:14 Double-Bit Axe
41:08 Wheelbarrow
RMXs | EnanoMora
3:41 Loom
13:57 Feudal Age
17:42 Forging
23:43 Castle Age
22:40 Scale Barding Armor
26:03 Wheelbarrow
27:13 Chain Barding Armor
28:48 Iron Casting
31:35 Bloodlines
31:26 Husbandry
37:33 Imperial Age
35:10 Padded Archer Armor
35:15 Stone Mining
35:16 Gold Mining
35:17 Double-Bit Axe
36:26 Leather Archer Armor
36:34 Horse Collar
39:02 Ring Archer Armor
39:19 Thumb Ring
39:50 Fletching
41:27 Bodkin Arrow
41:57 Heavy Plow
42:37 Plate Barding Armor
42:37 Bracer
45:18 Blast Furnace
jp.manhaes94
5:50 Loom
13:38 Feudal Age
17:57 Castle Age
26:43 Husbandry
26:54 Scale Barding Armor
28:17 Chain Barding Armor
33:03 Double-Bit Axe
35:01 Forging
36:32 Iron Casting
38:24 Wheelbarrow
37:44 Town Watch
43:49 Hand Cart
47:04 Imperial Age
LSHX
3:38 Loom
13:25 Feudal Age
19:50 Castle Age
18:27 Double-Bit Axe
19:13 Stone Mining
22:36 Fletching
26:28 Bow Saw
28:08 Wheelbarrow
34:24 Horse Collar
38:00 Hand Cart
37:53 Heavy Plow
42:15 Scale Barding Armor
42:20 Forging
42:06 Bodkin Arrow
43:21 Husbandry
45:56 Imperial Age
43:12 Town Watch
44:30 Gold Mining
45:16 Stone Shaft Mining
45:51 Chain Barding Armor
46:06 Iron Casting
46:12 Gold Shaft Mining
ragamuffin
9:41 Loom
11:50 Feudal Age
13:39 Man-at-Arms
15:00 Arson
15:37 Horse Collar
16:16 Double-Bit Axe
22:35 Castle Age
21:26 Forging
22:04 Bloodlines
22:43 Scale Barding Armor
23:04 Fletching
30:15 Wheelbarrow
29:26 Town Watch
33:26 Iron Casting
33:12 Chain Barding Armor
32:58 Gold Mining
35:14 Bodkin Arrow
36:08 Stone Mining
38:31 Chain Barding Armor
45:11 Imperial Age
45:14 Cavalier
Connection lost

Rejoining the realm…

Still unreachable

The connection could not be restored.

Session expired

The server has moved on; the page needs a fresh start.